3L
SEATTLE AVIATORS @ AUSTIN RANGERS
09/23/2023
 
TOP OF THE 1ST
Seattle Aviators batting - Pitching for Austin Rangers : LHP Ernest Torres
Pitching: LHP Ernest Torres
Batting: LHB Kenny Webster 0-0: Ball
1-0: Foul Ball, location: 2F
1-1: Swinging Strike
1-2: Foul Ball, location: 2F
1-2: Ground out 6-3 (Groundball, 6)
Batting: RHB Brian Williams 0-0: Ball
1-0: Ground out 6-3 (Groundball, 6)
Batting: RHB Sean Davis 0-0: Called Strike
0-1: Ball
1-1: Ball
2-1: Called Strike
2-2: Strikes out swinging
Top of the 1st over - 0 run(s), 0 hit(s), 0 error(s), 0 left on base; Seattle 0 - Austin 0
BOTTOM OF THE 1ST
Austin Rangers batting - Pitching for Seattle Aviators : LHP Dan Mitchell
Pitching: LHP Dan Mitchell
Batting: RHB Tony Hernández 0-0: Ball
1-0: Ball
2-0: Foul Ball, location: 2F
2-1: Ball
3-1: Called Strike
3-2: Base on Balls
Batting: RHB Pablo Trujillo 0-0: DOUBLE (Line Drive, 7LM)
Tony Hernández to third
Batting: LHB Jesús Reyes 0-0: Foul Ball, location: 2F
0-1: Foul Ball, location: 2F
0-2: Foul Ball, location: 2F
0-2: Fly out, F6 (Popup, 56D)
Batting: RHB Jeff Green 0-0: Ball
1-0: DOUBLE (Line Drive, 5L)
Tony Hernández scores
Pablo Trujillo scores
Batting: LHB Yun Yen 0-0: Ball
1-0: Ball
2-0: Called Strike
2-1: SINGLE (Line Drive, 9S)
Jeff Green to third
Batting: RHB Yuji Ine 0-0: Ball
1-0: Ball
2-0: Fly out, F7 (Flyball, 7S)
Batting: LHB Enrique Sánchez 0-0: Called Strike
0-1: Fielders Choice at 2nd, 5-4 (Groundball, 5)
Bottom of the 1st over - 2 run(s), 3 hit(s), 0 error(s), 1 left on base; Seattle 0 - Austin 2
TOP OF THE 2ND
Seattle Aviators batting - Pitching for Austin Rangers : LHP Ernest Torres
Batting: LHB Jorge Mojica 0-0: Called Strike
0-1: Swinging Strike
0-2: Strikes out looking
Batting: RHB Tanyu Kimura 0-0: Ball
1-0: Ball
2-0: Ball
3-0: Base on Balls
Batting: RHB Clarence Fox 0-0: Called Strike
0-1: Called Strike
0-2: Strikes out swinging
Batting: RHB Vernon Caw 0-0: Ball
1-0: Ball
2-0: Foul Ball, location: 2F
2-1: Foul Ball, location: 2F
2-2: Foul Ball, location: 2F
2-2: Ball
Tanyu Kimura steals 2nd base
3-2: Base on Balls
Batting: RHB Jay Parker 0-0: Ball
1-0: Called Strike
1-1: Ball
2-1: Swinging Strike
2-2: Fly out, F3 (Popup, 34)
Top of the 2nd over - 0 run(s), 0 hit(s), 0 error(s), 2 left on base; Seattle 0 - Austin 2
BOTTOM OF THE 2ND
Austin Rangers batting - Pitching for Seattle Aviators : LHP Dan Mitchell
Batting: LHB Phil Ritchie 0-0: Ball
1-0: Swinging Strike
1-1: Ball
2-1: Ball
3-1: Swinging Strike
3-2: Foul Ball, location: 2F
3-2: Foul Ball, location: 2F
3-2: Foul Ball, location: 2F
3-2: Strikes out swinging
Batting: SHB Xavier Vásquez 0-0: Ball
1-0: Fly out, F4 (Popup, 4D)
Batting: RHB Tony Hernández 0-0: Called Strike
0-1: Ball
1-1: Ball
2-1: Ball
3-1: Foul Ball, location: 2F
3-2: Foul Ball, location: 2F
3-2: Base on Balls
Batting: RHB Pablo Trujillo 0-0: Ball
1-0: Foul Ball, location: 2F
1-1: Fielders Choice at 2nd, 6-4 (Groundball, 6)
Bottom of the 2nd over - 0 run(s), 0 hit(s), 0 error(s), 0 left on base; Seattle 0 - Austin 2
TOP OF THE 3RD
Seattle Aviators batting - Pitching for Austin Rangers : LHP Ernest Torres
Batting: RHB Kenzaburo Hori 0-0: Called Strike
0-1: Foul Ball, location: 2F
0-2: Ball
1-2: Ground out 4-3 (Groundball, 34)
Batting: LHB Kenny Webster 0-0: Foul Ball, location: 2F
0-1: Called Strike
0-2: Foul Ball, location: 2F
0-2: Ball
1-2: Ball
2-2: Ball
3-2: Foul Ball, location: 2F
3-2: Base on Balls
Batting: RHB Brian Williams 0-0: Called Strike
0-1: Ball
1-1: Ground out 5-3 (Groundball, 56S)
Kenny Webster to second
Batting: RHB Sean Davis 0-0: Ball
1-0: Ground out 6-3 (Groundball, 6M)
Top of the 3rd over - 0 run(s), 0 hit(s), 0 error(s), 1 left on base; Seattle 0 - Austin 2
BOTTOM OF THE 3RD
Austin Rangers batting - Pitching for Seattle Aviators : LHP Dan Mitchell
Batting: LHB Jesús Reyes 0-0: Swinging Strike
0-1: Foul Ball, location: 2F
0-2: Foul Ball, location: 2F
0-2: Ball
1-2: Strikes out swinging
Batting: RHB Jeff Green 0-0: Called Strike
0-1: SINGLE (Groundball, 56)
Batting: LHB Yun Yen 0-0: Called Strike
0-1: Ball
1-1: Called Strike
1-2: Ground out 3-1 (Groundball, 34)
Jeff Green to second
Batting: RHB Yuji Ine 0-0: Called Strike
0-1: Ball
1-1: Swinging Strike
1-2: Foul Ball, location: 2F
1-2: Ball
2-2: Strikes out swinging
Bottom of the 3rd over - 0 run(s), 1 hit(s), 0 error(s), 1 left on base; Seattle 0 - Austin 2
TOP OF THE 4TH
Seattle Aviators batting - Pitching for Austin Rangers : LHP Ernest Torres
Batting: LHB Jorge Mojica 0-0: Ball
1-0: Swinging Strike
1-1: Ground out 1-3 (Groundball, 13S)
Batting: RHB Tanyu Kimura 0-0: Swinging Strike
0-1: SOLO HOME RUN (Flyball, 8LXD), Distance : 424 ft
Batting: RHB Clarence Fox 0-0: Foul Ball, location: 2F
0-1: Swinging Strike
0-2: Ground out 6-3 (Groundball, 6)
Batting: RHB Vernon Caw 0-0: Foul Ball, location: 2F
0-1: Swinging Strike
0-2: Strikes out swinging
Top of the 4th over - 1 run(s), 1 hit(s), 0 error(s), 0 left on base; Seattle 1 - Austin 2
BOTTOM OF THE 4TH
Austin Rangers batting - Pitching for Seattle Aviators : LHP Dan Mitchell
Batting: LHB Enrique Sánchez 0-0: Called Strike
0-1: Foul Ball, location: 2F
0-2: SINGLE (Groundball, 6MD)
Batting: LHB Phil Ritchie 0-0: Ball
1-0: Foul Ball, location: 2F
1-1: Hit by Pitch
Enrique Sánchez to second
Batting: SHB Xavier Vásquez 0-0: Ball
1-0: Foul Ball, location: 2F
1-1: Swinging Strike
1-2: Foul Ball, location: 2F
1-2: Ball
2-2: Strikes out swinging
Batting: RHB Tony Hernández 0-0: SINGLE (Line Drive, 8RS)
Enrique Sánchez to third
Phil Ritchie to second
Batting: RHB Pablo Trujillo 0-0: Foul Ball, location: 2F
0-1: Called Strike
0-2: Foul Ball, location: 2F
0-2: Ball
1-2: SINGLE (Line Drive, 56)
Enrique Sánchez scores
Phil Ritchie to third
Tony Hernández to second
Batting: LHB Jesús Reyes 0-0: Ball
1-0: Fly out, F8 (Flyball, 8RM)
Runner from 3rd tags up, SCORES, no throw
Batting: RHB Jeff Green 0-0: Foul Ball, location: 2F
0-1: Ball
1-1: Ball
2-1: Ball
3-1: Base on Balls
Tony Hernández to third
Pablo Trujillo to second
Batting: LHB Yun Yen 0-0: Foul Ball, location: 2F
0-1: Ball
1-1: Swinging Strike
1-2: Ground out 5-3 (Groundball, 56)
Bottom of the 4th over - 2 run(s), 3 hit(s), 0 error(s), 3 left on base; Seattle 1 - Austin 4
TOP OF THE 5TH
Seattle Aviators batting - Pitching for Austin Rangers : LHP Ernest Torres
Batting: RHB Jay Parker 0-0: Ball
1-0: Called Strike
1-1: Ball
2-1: Ball
3-1: Base on Balls
Batting: RHB Kenzaburo Hori 0-0: Ball
1-0: Reached on error, E2 (Groundball, 2L)
Jay Parker to third
Batting: LHB Kenny Webster 0-0: Ball
1-0: Fly out, F6 (Popup, 6MS)
Batting: RHB Brian Williams 0-0: Ball
1-0: Ball
2-0: Foul Ball, location: 2F
2-1: Foul Ball, location: 2F
2-2: Ball
3-2: Base on Balls
Batting: RHB Sean Davis 0-0: Ball
1-0: Swinging Strike
1-1: Called Strike
1-2: Strikes out looking
Batting: LHB Jorge Mojica 0-0: Called Strike
0-1: Ball
1-1: Ball
2-1: Ball
3-1: SINGLE (Line Drive, 9LM)
Jay Parker scores
Kenzaburo Hori to third
Brian Williams to second
Runner from 3rd tries for Home, SAFE, no throw or cutoff
Pitching: RHP Lester Sullivan
Batting: RHB Tanyu Kimura 0-0: Ground out 6-3 (Groundball, 6)
Top of the 5th over - 2 run(s), 1 hit(s), 1 error(s), 2 left on base; Seattle 3 - Austin 4
BOTTOM OF THE 5TH
Austin Rangers batting - Pitching for Seattle Aviators : LHP Dan Mitchell
Batting: RHB Yuji Ine 0-0: Ball
1-0: Ball
2-0: Ball
3-0: Base on Balls
Batting: LHB Enrique Sánchez 0-0: Ball
1-0: Bunted foul
1-1: Bunt - Flyout! F1
Batting: LHB Phil Ritchie 0-0: Foul Ball, location: 2F
0-1: Ball
1-1: Ball
2-1: Ball
3-1: DOUBLE (Groundball, 3L)
Yuji Ine to third
Pitching: RHP Ken Frost
Batting: SHB Xavier Vásquez 0-0: Called Strike
0-1: Called Strike
0-2: Fly out, F7 (Flyball, 7S)
Batting: RHB Tony Hernández 0-0: Foul Ball, location: 2F
0-1: Foul Ball, location: 2F
0-2: Ball
1-2: Ball
2-2: 3-RUN HOME RUN (Flyball, 89XD), Distance : 427 ft
Batting: RHB Pablo Trujillo 0-0: Ball
1-0: Called Strike
1-1: Ground out 6-3 (Groundball, 6)
Bottom of the 5th over - 3 run(s), 2 hit(s), 0 error(s), 0 left on base; Seattle 3 - Austin 7
TOP OF THE 6TH
Seattle Aviators batting - Pitching for Austin Rangers : RHP Lester Sullivan
Batting: RHB Clarence Fox 0-0: Ball
1-0: Ball
2-0: Called Strike
2-1: Foul Ball, location: 2F
2-2: Fly out, F7 (Flyball, 7S)
Batting: RHB Vernon Caw 0-0: Ball
1-0: Ball
2-0: Called Strike
2-1: Ball
3-1: Swinging Strike
3-2: Ground out 4-3 (Groundball, 4)
Batting: RHB Jay Parker 0-0: Ground out 6-3 (Groundball, 56)
Top of the 6th over - 0 run(s), 0 hit(s), 0 error(s), 0 left on base; Seattle 3 - Austin 7
BOTTOM OF THE 6TH
Austin Rangers batting - Pitching for Seattle Aviators : RHP Ken Frost
Batting: LHB Jesús Reyes 0-0: Ball
1-0: Fly out, F7 (Popup, 6D)
Batting: RHB Jeff Green 0-0: Ball
1-0: Swinging Strike
1-1: Ground out 6-3 (Groundball, 6)
Batting: LHB Yun Yen 0-0: Called Strike
0-1: SINGLE (Groundball, 3D)
Batting: RHB Yuji Ine 0-0: Ball
1-0: 2-RUN HOME RUN (Flyball, 7D), Distance : 398 ft
Batting: LHB Enrique Sánchez 0-0: Ball
1-0: Called Strike
1-1: Foul Ball, location: 2F
1-2: Fly out, F1 (Line Drive, 15)
Bottom of the 6th over - 2 run(s), 2 hit(s), 0 error(s), 0 left on base; Seattle 3 - Austin 9
TOP OF THE 7TH
Seattle Aviators batting - Pitching for Austin Rangers : RHP Lester Sullivan
Batting: RHB Kenzaburo Hori 0-0: Ball
1-0: Ball
2-0: Ball
3-0: Base on Balls
Batting: LHB Kenny Webster 0-0: Ground out 4-3 (Groundball, 4M)
Kenzaburo Hori to second
Batting: RHB Brian Williams 0-0: Fly out, F7 (Flyball, 78D)
Batting: RHB Sean Davis 0-0: Called Strike
0-1: Ground out 2-3 (Groundball, 25)
Top of the 7th over - 0 run(s), 0 hit(s), 0 error(s), 1 left on base; Seattle 3 - Austin 9
BOTTOM OF THE 7TH
Austin Rangers batting - Pitching for Seattle Aviators : RHP Ken Frost
Pitching: RHP Larry Lee
Batting: LHB Phil Ritchie 0-0: Called Strike
0-1: SINGLE (Line Drive, 7LS)
Batting: SHB Xavier Vásquez 0-0: Ball
1-0: Called Strike
1-1: DOUBLE (Groundball, 3L)
Phil Ritchie to third
Batting: RHB Tony Hernández 0-0: Called Strike
0-1: Ball
1-1: Foul Ball, location: 2F
1-2: Foul Ball, location: 2F
1-2: Ball
2-2: Ball
3-2: Ground out 4-3 (Groundball, 4)
Phil Ritchie scores
Xavier Vásquez to third
Batting: RHB Pablo Trujillo 0-0: Called Strike
0-1: SINGLE (Groundball, 6MD)
Xavier Vásquez scores
Pitching: RHP Dominic Parker
Batting: LHB Jesús Reyes 0-0: Ball
1-0: Ball
2-0: Swinging Strike
2-1: Ground out 5-3 (Groundball, 56S)
Pablo Trujillo to second
Batting: RHB Jeff Green 0-0: Called Strike
0-1: Ground out 6-3 (Groundball, 6)
Bottom of the 7th over - 2 run(s), 3 hit(s), 0 error(s), 1 left on base; Seattle 3 - Austin 11
TOP OF THE 8TH
Seattle Aviators batting - Pitching for Austin Rangers : RHP Lester Sullivan
Batting: LHB Jorge Mojica 0-0: Ball
1-0: Called Strike
1-1: Ball
2-1: Foul Ball, location: 2F
2-2: Foul Ball, location: 2F
2-2: Ball
3-2: Foul Ball, location: 2F
3-2: SINGLE (Groundball, 34D)
Batting: RHB Tanyu Kimura 0-0: Foul Ball, location: 2F
0-1: Swinging Strike
Passed Ball!
Jorge Mojica to second
0-2: Ball
1-2: Ground out 5-3 (Groundball, 56)
Batting: RHB Clarence Fox 0-0: Ball
1-0: Foul Ball, location: 2F
1-1: Foul Ball, location: 2F
1-2: SINGLE (Groundball, 56D)
Jorge Mojica to third
Batting: RHB Vernon Caw 0-0: Foul Ball, location: 2F
0-1: Called Strike
0-2: Strikes out swinging
Batting: RHB Jay Parker 0-0: DOUBLE (Flyball, 8LXD)
Jorge Mojica scores
Clarence Fox to third
Runner from 3rd tries for Home, throw and OUT!
Top of the 8th over - 1 run(s), 3 hit(s), 0 error(s), 1 left on base; Seattle 4 - Austin 11
BOTTOM OF THE 8TH
Austin Rangers batting - Pitching for Seattle Aviators : RHP Dominic Parker
Batting: LHB Yun Yen 0-0: Called Strike
0-1: Ball
1-1: Ball
2-1: Called Strike
2-2: Foul Ball, location: 2F
2-2: Foul Ball, location: 2F
2-2: Strikes out swinging
Batting: RHB Yuji Ine 0-0: Ground out 5-3 (Groundball, 5F)
Batting: LHB Enrique Sánchez 0-0: Ball
1-0: Called Strike
1-1: Called Strike
1-2: Strikes out swinging
Bottom of the 8th over - 0 run(s), 0 hit(s), 0 error(s), 0 left on base; Seattle 4 - Austin 11
TOP OF THE 9TH
Seattle Aviators batting - Pitching for Austin Rangers : RHP Lester Sullivan
Batting: RHB Kenzaburo Hori 0-0: Ball
1-0: Ball
2-0: Ball
3-0: Called Strike
3-1: Foul Ball, location: 2F
3-2: Base on Balls
Batting: LHB Kenny Webster 0-0: Ball
1-0: Ball
2-0: Foul Ball, location: 2F
2-1: Called Strike
2-2: Ball
3-2: Base on Balls
Kenzaburo Hori to second
Batting: RHB Brian Williams 0-0: Ball
1-0: Foul Ball, location: 2F
1-1: Called Strike
1-2: Ball
2-2: Strikes out looking
Batting: RHB Sean Davis 0-0: Called Strike
0-1: Ball
1-1: Swinging Strike
1-2: Strikes out looking
Batting: LHB Jorge Mojica 0-0: Swinging Strike
0-1: Fly out, F8 (Flyball, 8LD)
Top of the 9th over - 0 run(s), 0 hit(s), 0 error(s), 2 left on base; Seattle 4 - Austin 11
This league is powered by Out of the Park Baseball, the baseball management simulation game for PC, Mac and Linux
Friday, July 8th, 2016 - OOTP Baseball 16.9 Build 39